[Event "Asian Amateur-ch Open 2022"]
[Site "Muscat"]
[Date "2022.10.02"]
[Round "4.14"]
[White "Owlad, Ehsan"]
[Black "Al Zadjali, Abdul Rahman"]
[Result "0-1"]
[ECO "A47"]
[WhiteElo "1962"]
[BlackElo "1534"]
[Annotator "TA"]
[PlyCount "144"]
[EventDate "2022.09.29"]
[EventType "swiss"]
[SourceTitle "playchess.com"]
[Source "ChessBase"]
[SourceQuality "1"]
[TimeControl "5400+30"]

1. d4 Nf6 2. Nf3 c5 3. c3 b6 4. Bf4 Bb7 5. Nbd2 e6 6. e3 Be7 7. dxc5 {[%emt 0:01:37] A47: 1 d4 Nf6 2 Nf3 b6: Torre, London and Colle Systems.} bxc5 8. Nc4 {[%emt 0:01:07] [#]} d5 $146 ({Predecessor:} 8... Bxf3 9. Qxf3 d5 10. Rd1 O-O 11. Be2 Nbd7 12. Ne5 Nxe5 13. Bxe5 Qb6 14. b3 Ne4 {0-1 (23) Koglin,J-Dittmar,P freechess.de 2014}) 9. Nce5 {[%emt 0:00:30] aiming for Bb5+. Black is slightly better.} O-O 10. Bd3 Nbd7 11. O-O c4 12. Bc2 Nc5 13. h3 (13. Nd4 $11) 13... Nfe4 (13... a5 $15) 14. Nd4 $1 $11 Rc8 15. f3 Nd6 16. Qb1 h6 17. Qe1 f6 18. Ng6 e5 19. Bh2 ({Of course not} 19. Nxf8 Bxf8 20. Bg3 exd4 21. exd4 Nd3 22. Qe6+ Kh8 $17) 19... Re8 {[%emt 0:02:34] And now ...Nd3 would win.} ({Resist} 19... exd4 20. exd4 Re8 21. dxc5 $16) (19... Rf7 $5 20. Nf5 Nxf5 21. Bxf5 Rb8 $15) 20. Nf5 Nxf5 21. Bxf5 Rb8 22. Rd1 (22. b4 $11 Nd3 23. Nxe7+ Qxe7 24. Qd2) 22... Bc8 $1 $17 23. Bxc8 Rxc8 24. Qg3 Nd3 25. b4 {[%emt 0:02:38] Prevents Bc5.} (25. Nh4 $17) 25... a5 26. a3 Qb6 (26... axb4 $19 27. axb4 Qd7) 27. Qg4 (27. f4 $17) 27... Rcd8 (27... Bd6 $19 {is more deadly.} 28. Kh1 axb4 29. axb4 Qxe3) 28. Kh1 axb4 29. axb4 Bf8 (29... Bd6 $5 30. Bg1 Qb7 $15) 30. Bg1 Qe6 31. Qh5 (31. Qxe6+ $11 Rxe6 32. Ra1) 31... Qf7 32. Ra1 $2 (32. Qf5 $1 $11 {and White has nothing to worry.}) 32... Bd6 $2 (32... d4 $1 $19 33. e4 (33. exd4 $2 exd4 34. Qg4 f5 $19) 33... dxc3) 33. Qg4 $2 (33. Qf5 $1 $15) 33... f5 $19 34. Qg3 e4 35. f4 Re6 36. Ne5 Nxe5 (36... Rxe5 $142 37. fxe5 Bxe5) 37. fxe5 Bxe5 38. Qe1 Qf6 39. Ra3 g5 {[%emt 0:00:25] Black has more active pieces.} 40. Bh2 f4 41. Qd2 f3 (41... Qf5 $142 $1 42. b5 Bg7) 42. Bxe5 $17 Rxe5 43. b5 (43. Qd4 $1 $15) 43... Rf8 $19 {[%emt 0:07:42] Strongly threatening ...fxg2+.} 44. g3 (44. Kg1 $17 {was called for.}) 44... f2 $2 (44... Rb8 $19 45. Ra6 Qg7) 45. Ra6 $2 (45. Ra2 $11) 45... Qf3+ 46. Kh2 {[%emt 0:00:24] Threatens to win with Qd4.} h5 $2 ({Black should play} 46... g4 $1 $19 {( -> ...Rh5)} 47. Rxh6 gxh3 48. Rxh3 Rh5) 47. Qd4 $11 Qf5 48. b6 {[%emt 0:01:42][%cal Bb5b6,Bb6b7][%mdl 1056] b7 is the strong threat. White has compensation.} Re6 ({Better is} 48... Re7 $11) 49. Ra7 (49. Ra5 $5 Qe5 50. Qxd5 Qxd5 51. Rxd5 $16) 49... Ref6 (49... Qe5 $1 $11) 50. Ra5 $16 Rd6 (50... h4 $16 51. Rxd5 hxg3+ 52. Kxg3 Qe6) 51. b7 $1 $18 ({Not} 51. Ra7 Qf6 $11) 51... h4 52. g4 Qe6 (52... Qf3 53. Qe5 Qg3+ 54. Qxg3 hxg3+ 55. Kxg3 Rb6 56. Rxf2 Rxf2 57. Kxf2 Rxb7 58. Rxd5 Rf7+ 59. Rf5 Rg7) 53. Rb5 Rdd8 {[%emt 0:01:34] [#]} 54. Rb6 {[%emt 0:00:48] Against Qd6+} Qf7 55. Qe5 Qg7 {[%emt 0:01:06] [#]} 56. Qe6+ Kh8 57. Kg2 Rde8 58. Qxd5 Qc7 59. Rd6 $4 {[%emt 0:00:54][%mdl 8192] [#]} (59. Rh6+ {was the only winning move.} Qh7 60. Rxh7+ Kxh7 61. Qxg5 Rd8 62. Rxf2 Rxf2+ 63. Kxf2 Rd2+ 64. Ke1) 59... Rf6 $3 $19 60. Qxg5 Qxd6 61. Qxh4+ Kg7 {[%emt 0:00:17] Hoping for ...Qe5.} 62. Qg5+ Rg6 63. Qb5 Rh8 64. Qf5 {[%emt 0:08:09] [#]} Rxh3 $3 65. Qxg6+ (65. Qf4 Qxf4) 65... Kxg6 {[%emt 0:00:01][%csl Gh3][%cal Rd6g3] Black mates.} 66. Kxh3 {[%emt 0:06:36] KQ-KR} Qb8 67. Rxf2 Qxb7 68. Rd2 Qh7+ 69. Kg3 Qc7+ 70. Kh3 Qe5 71. Rd4 Qf6 72. Rxc4 Qf1+ {[%emt 0:00:10] Weighted Error Value: White=0.60/Black=0.56} 0-1

[Event "Asian Amateur-ch Open 2022"]
[Site "Muscat"]
[Date "2022.10.02"]
[Round "4.15"]
[White "Salim Mohammed, Salim Al Amri"]
[Black "Vijay Chauhan"]
[Result "0-1"]
[ECO "B18"]
[WhiteElo "1952"]
[BlackElo "1526"]
[Annotator "TA"]
[PlyCount "100"]
[EventDate "2022.09.29"]
[EventType "swiss"]
[SourceTitle "playchess.com"]
[Source "ChessBase"]
[SourceQuality "1"]
[TimeControl "5400+30"]

1. e4 c6 2. d4 d5 3. Nc3 dxe4 4. Nxe4 Bf5 5. Ng3 Bg6 6. Bc4 e6 7. f4 {[%emt 0:00:16] B18: Classical Caro-Kann: 4...Bf5 sidelines.} Nf6 8. Nh3 Bd6 9. O-O {[%emt 0:00:03] The position is equal.} O-O 10. Bd3 {[%emt 0:00:02] [#]} (10. f5 $11 {deserves consideration.} Bxf5 11. Nxf5 exf5 12. Rxf5) 10... Nbd7 $146 ({Predecessor:} 10... Bxd3 11. Qxd3 c5 12. Ne4 Be7 13. Nxc5 Bxc5 14. dxc5 Qxd3 15. cxd3 Na6 16. d4 Rfd8 {0-1 (35) Magklara,E-Koerant,F (2163) Nikaia 2007}) 11. f5 (11. Ng5 {is interesting.} c5 12. Bxg6 hxg6 13. dxc5 Nxc5 14. Qf3) 11... Bxg3 (11... exf5 $15 12. Nxf5 Qc7) 12. hxg3 $2 (12. fxg6 $16 {is forced if you want to stay better.} Bc7 13. gxf7+ Rxf7 14. Ng5) 12... Bxf5 13. Bxf5 exf5 14. Rxf5 Qe7 15. Bg5 h6 16. Bd2 Rfe8 17. g4 Qe2 ({Black should play} 17... Qe4 $17 18. Rf4 Qg6) 18. g5 $15 hxg5 19. Nxg5 Qc4 20. c3 Re2 21. Rf3 {[%emt 0:01:17] Prevents Qd3.} (21. Qc2 $11) 21... Rae8 $17 22. b3 Qd5 23. Nh3 $1 {[%emt 0:00:15] [#] Nf4 is the strong threat.} Nh5 {[%emt 0:03:52] Black is much more active.} (23... R2e4 $5 ) 24. Kf1 ({White should try} 24. Rf2 $1 $15 Rxf2 25. Nxf2) 24... Nf8 (24... Qe6 $19 {Strongly threatening ...Qg6.} 25. Ng1 Re4) 25. Qxe2 Rxe2 $40 {[%emt 0:00:09][%mdl 128] Black has strong attack.} 26. Kxe2 Qe4+ (26... Ng6 $5 27. Be1 c5 $17) 27. Be3 $2 (27. Kf1 $11) 27... Qc2+ {[%emt 0:01:54][%mdl 64] Skewer} 28. Bd2 Qe4+ 29. Be3 {[%emt 0:03:23] [#]} Qc2+ $2 (29... Ng6 $1 $19 {[%cal Rg6h4] And now ...Nh4 would win.} 30. Kd2 Qg4) 30. Kf1 $2 (30. Bd2 $1 $11 {and White stays safe.}) 30... Qxc3 $19 31. Re1 Ne6 32. Bf2 (32. Nf4 $17 Nhxf4 33. Bxf4 Qxd4 34. Be3) 32... Qb2 33. g4 Nf6 34. g5 Ng4 {[%emt 0:00:49] Pair of Knights!} 35. Kg2 {[%emt 0:04:08][%cal Og5g6] Inhibits Nh2.} Nxf2 {[%emt 0:02:27] Chess con chili.} ({Worse is} 35... Qxa2 36. g6 Nf6 37. Rfe3 $15) (35... Nxd4 $2 36. Re8+ Kh7 37. Rg3 $18) 36. Nxf2 {[%emt 0:02:34][%cal Og5g6] Threatens to win with g6!} Nxg5 37. Re8+ Kh7 38. Rg3 f6 39. Rd8 $2 (39. Re7) 39... Ne4 40. Rf3 Qxa2 41. Rd7 Nxf2 42. Rxf2 {[%emt 0:00:01][%mdl 4096] Endgame KQ-KRR} Qa5 43. Rxb7 Qd5+ 44. Rf3 (44. Kf1 $142) 44... c5 45. Rxa7 (45. Rb5) 45... cxd4 46. Ra2 d3 47. Rd2 Qg5+ {[%emt 0:12:50] Black mates.} 48. Kh1 Qxd2 49. b4 Qe1+ 50. Kh2 d2 {[%emt 0:00:00] Weighted Error Value: White=0.72/Black=0.42} 0-1

[Event "Asian Amateur-ch Open 2022"]
[Site "Muscat"]
[Date "2022.10.02"]
[Round "4.16"]
[White "Rafee, Mohd Hayel"]
[Black "Al Ryami, Mustafa"]
[Result "1-0"]
[ECO "C01"]
[WhiteElo "1941"]
[BlackElo "1488"]
[Annotator "TA"]
[PlyCount "51"]
[EventDate "2022.09.29"]
[EventType "swiss"]
[SourceTitle "playchess.com"]
[Source "ChessBase"]
[SourceQuality "1"]
[TimeControl "5400+30"]

1. e4 Nc6 2. d4 e6 3. Nf3 d6 4. Bd3 Be7 5. O-O Nf6 6. c3 {[%emt 0:00:14] Inhibits Nb4. C01: French: Exchange Variation.} a6 {[%emt 0:00:27] [#]} 7. Qe2 $146 ({Predecessor:} 7. h3 e5 8. d5 Nb8 9. c4 Nbd7 10. Nc3 Nf8 11. Re1 Ng6 12. Bf1 h5 13. b4 {1-0 (57) Filipovic,B (2426)-Welz,T (2233) Germany 2008}) 7... O-O 8. Rd1 {[%emt 0:00:21] White is better.} (8. e5 {with more complications.} Nd5 9. Re1 f5 10. exf6 Bxf6 11. Qe4) 8... Bd7 9. Nbd2 b5 10. Nf1 Na7 11. Ng3 c5 (11... Nc6 $16 12. a4 bxa4) 12. e5 c4 13. Bc2 {[%emt 0:02:41] White has more active pieces.} (13. exf6 $6 cxd3 14. Qxd3 Bxf6 $11) 13... Nd5 14. Ne4 (14. Qe4 $6 g6 $14) 14... Bc6 (14... dxe5 $16 15. dxe5 (15. Nxe5 Nc6 $14) 15... Nc6) 15. Nfg5 (15. exd6 $6 Bxd6 16. a4 f6 $16) 15... h6 {[%emt 0:14:57] [#]} 16. Qh5 {[%emt 0:14:45][%cal Og5h7] Nh7! is the strong threat.} Be8 {[%emt 0:10:15] [#] Strongly threatening ...f5.} 17. Qh3 $40 {[%emt 0:07:13][%cal Og5h7][%mdl 128] Threatens to win with Nh7! Black is in trouble.} ({Stronger than} 17. exd6 Bxg5 18. Bxg5 f6 $19) 17... Qd7 $2 {[%emt 0:02:51] [#]} (17... Nc6 {is a better defense.} 18. exd6 (18. Nxe6 fxe6 19. exd6 Bf6 $11) 18... Bxg5) 18. Nh7 $1 $18 f5 19. exf6 ({Less strong is} 19. Nxf8 Bxf8 20. Nxd6 Bxd6 $18) 19... Nxf6 (19... Bxf6 $142 20. Nxf8 Kxf8) 20. Nxf8 {[%emt 0:01:32] White is clearly winning.} Kxf8 21. Bxh6 d5 (21... e5 $142 22. Bxg7+ Kxg7 23. Qg3+ Qg4 24. dxe5 dxe5 25. Nxf6 Qxg3) 22. Nxf6 Bxf6 23. Bf4 Qf7 24. Bd6+ Be7 25. Qh8+ Qg8 26. Bxe7+ {[%emt 0:00:06] Weighted Error Value: White=0.36/Black=0.60} 1-0

[Event "Asian Amateur-ch Open 2022"]
[Site "Muscat"]
[Date "2022.10.02"]
[Round "4.17"]
[White "Sharaf, Khaleel"]
[Black "Shelke Omkar"]
[Result "0-1"]
[ECO "A90"]
[WhiteElo "1874"]
[BlackElo "1460"]
[Annotator "NA RC COMBH"]
[PlyCount "64"]
[EventDate "2022.09.29"]
[EventType "swiss"]
[SourceTitle "playchess.com"]
[Source "ChessBase"]
[SourceQuality "1"]
[TimeControl "5400+30"]

1. c4 e6 2. Nf3 d5 3. d4 c6 4. g3 f5 5. Bg2 Bd6 6. O-O Nd7 7. Nc3 Ngf6 8. b3 O-O 9. Ng5 Qe7 10. f3 e5 11. dxe5 Bxe5 12. Bb2 Bxc3 13. Bxc3 Qe3+ 14. Kh1 Qxc3 15. cxd5 Nxd5 16. Rc1 Qf6 17. Qd2 f4 18. Ne4 Qe5 19. gxf4 Qxf4 20. Qd3 N7f6 21. Ng3 Ne3 22. Rg1 Nfd5 23. Bf1 Bf5 24. Nxf5 Qxf5 25. Qd4 Qf6 26. Qd3 Rae8 27. b4 Re5 28. b5 Rh5 29. bxc6 Qh4 30. Bh3 Qxh3 31. Rxg7+ Kxg7 32. Rg1+ Kf7 0-1

[Event "Asian Amateur-ch Open 2022"]
[Site "Muscat"]
[Date "2022.10.02"]
[Round "4.18"]
[White "Al Darwashi, Usama"]
[Black "Ferzli, Dany Michael"]
[Result "0-1"]
[ECO "D23"]
[WhiteElo "1489"]
[BlackElo "1789"]
[Annotator "NA RC COMBH"]
[PlyCount "141"]
[EventDate "2022.09.29"]
[EventType "swiss"]
[SourceTitle "playchess.com"]
[Source "ChessBase"]
[SourceQuality "1"]
[TimeControl "5400+30"]

1. d4 d5 2. Nf3 Nf6 3. c4 dxc4 4. Qa4+ Nbd7 5. g3 a6 6. Qxc4 b5 7. Qc6 Rb8 8. Bf4 Bb7 9. Qxc7 Qxc7 10. Bxc7 Rc8 11. Ba5 Rc1+ 12. Kd2 Rc8 13. Nc3 e5 14. dxe5 Nxe5 15. Nxe5 Bxh1 16. Bh3 Rc5 17. Nd3 Rh5 18. Nf4 Rg5 19. Rxh1 b4 20. Bb6 bxc3+ 21. bxc3 Be7 22. Rb1 O-O 23. Bd4 Rd8 24. Kc2 Nd5 25. Nd3 Bf6 26. Bg2 Bxd4 27. cxd4 Nc7 28. Rb7 Nb5 29. e3 Nd6 30. Rb6 Ra5 31. Kb3 Rb5+ 32. Rxb5 Nxb5 33. Kb4 Rb8 34. d5 f6 35. Kc5 Kf8 36. Nb4 Nc7 37. Nc6 Rb5+ 38. Kd6 Ne8+ 39. Kd7 Rb7+ 40. Kd8 Rb2 41. Bh3 Rxf2 42. Nd4 Rd2 43. Bd7 Nd6 44. Ne6+ Kf7 45. Bc6 Rxa2 46. Kd7 Nf5 47. e4 Ne3 48. Nc5 Nc4 49. Nb7 Ne5+ 50. Kd6 Rxh2 51. Kc7 Rc2 52. Nd8+ Kg6 53. d6 a5 54. Kb6 Nc4+ 55. Kc7 Nxd6 56. Kxd6 Rd2+ 57. Kc7 Rc2 58. Kb6 Rc3 59. Be8+ Kg5 60. Ne6+ Kh6 61. g4 Rg3 62. g5+ fxg5 63. Nd4 g6 64. Kxa5 Re3 65. Bc6 g4 66. Ne6 g5 67. Nd4 Kg6 68. Nf5 Re1 69. Kb4 h5 70. Be8+ Kf6 71. Kc4 0-1

[Event "Asian Amateur-ch Open 2022"]
[Site "Muscat"]
[Date "2022.10.02"]
[Round "4.19"]
[White "Al Abdali, Zeyad Saleh"]
[Black "Fadhil, khalid Ali"]
[Result "1/2-1/2"]
[ECO "D15"]
[WhiteElo "1780"]
[BlackElo "1451"]
[Annotator "NA RC COMBH"]
[PlyCount "129"]
[EventDate "2022.09.29"]
[EventType "swiss"]
[SourceTitle "playchess.com"]
[Source "ChessBase"]
[SourceQuality "1"]
[TimeControl "5400+30"]

1. d4 d5 2. c4 c6 3. Nc3 Nf6 4. Nf3 Bg4 5. Ne5 Bf5 6. cxd5 Nxd5 7. e4 Nxc3 8. bxc3 Bg6 9. Qb3 Qb6 10. Nc4 Qxb3 11. axb3 Nd7 12. Bd3 f6 13. Ba3 a6 14. f4 Bf7 15. Nd2 e6 16. Bxf8 Rxf8 17. e5 Nb6 18. O-O f5 19. Bc4 Ke7 20. g3 Rfd8 21. Rfd1 Bh5 22. Re1 c5 23. dxc5 Rxd2 24. cxb6 Bf3 25. Bf1 Rad8 26. Re3 Be4 27. Rc1 Rb2 28. c4 Rdd2 29. Rxe4 fxe4 30. c5 Rbc2 31. Rxc2 Rxc2 32. Bxa6 Rxc5 33. Bxb7 Rb5 34. Bxe4 Rxb6 35. Bxh7 Rxb3 36. Kg2 Kf7 37. Be4 Re3 38. Bc6 Kg6 39. g4 Kf7 40. h4 Rc3 41. Be4 Re3 42. Bf3 Ra3 43. h5 Rc3 44. Be4 Re3 45. Bg6+ Ke7 46. Kf2 Ra3 47. Be4 Rb3 48. Bf3 Kf7 49. Kg3 Re3 50. Kf2 Ra3 51. Be4 Rb3 52. Bg6+ Ke7 53. Kg2 Re3 54. g5 Ra3 55. h6 gxh6 56. gxh6 Kf8 57. Kh2 Kg8 58. Kg2 Rb3 59. f5 exf5 60. Bxf5 Rb5 61. h7+ Kg7 62. Kf3 Rxe5 63. Kf4 Re1 64. Bd3 Rd1 65. Be4 1/2-1/2

[Event "Asian Amateur-ch Open 2022"]
[Site "Muscat"]
[Date "2022.10.02"]
[Round "4.20"]
[White "Jaradat, Othman"]
[Black "Al Mamari Mohammed Salim"]
[Result "1-0"]
[ECO "B75"]
[WhiteElo "1751"]
[BlackElo "1685"]
[Annotator "NA RC COMBH"]
[PlyCount "97"]
[EventDate "2022.09.29"]
[EventType "swiss"]
[SourceTitle "playchess.com"]
[Source "ChessBase"]
[SourceQuality "1"]
[TimeControl "5400+30"]

1. e4 c5 2. Nf3 d6 3. d4 cxd4 4. Nxd4 Nf6 5. Nc3 g6 6. Be3 Bg7 7. f3 a6 8. Qd2 b5 9. O-O-O Bb7 10. g4 h5 11. gxh5 Nxh5 12. Nce2 Nd7 13. Kb1 Ne5 14. Nf4 Nxf4 15. Bxf4 Rc8 16. h4 Nc4 17. Bxc4 Rxc4 18. Be3 Rh5 19. Qg2 Bxd4 20. Bxd4 a5 21. b3 Rc8 22. Qe2 Qc7 23. Be3 b4 24. Rdg1 d5 25. Rg5 dxe4 26. Rxh5 gxh5 27. f4 Qc6 28. Rg1 Ba6 29. Qd2 f6 30. Qd1 Qc3 31. Bd4 Qc6 32. Qxh5+ Kd7 33. Qd1 Kc7 34. Bb2 Qd6 35. Qh5 Kb6 36. Rd1 Qc6 37. Rc1 e3 38. Bd4+ Kb7 39. Bxe3 Bd3 40. cxd3 Qa6 41. Qd5+ Kb8 42. Rxc8+ Qxc8 43. Qb5+ Kc7 44. Qc5+ Kd7 45. Qxc8+ Kxc8 46. Bb6 Kd7 47. Bxa5 Ke6 48. Bxb4 Kf5 49. Bxe7 1-0

[Event "Asian Amateur-ch Open 2022"]
[Site "Muscat"]
[Date "2022.10.02"]
[Round "4.21"]
[White "Krishanu Sai"]
[Black "Humaidan Mohamed, Alzaabi"]
[Result "0-1"]
[ECO "A48"]
[WhiteElo "1748"]
[BlackElo "1393"]
[Annotator "NA RC COMBH"]
[PlyCount "42"]
[EventDate "2022.09.29"]
[EventType "swiss"]
[SourceTitle "playchess.com"]
[Source "ChessBase"]
[SourceQuality "1"]
[TimeControl "5400+30"]

1. d4 Nf6 2. Nf3 g6 3. Bf4 d6 4. Nbd2 Nbd7 5. e4 Bg7 6. c3 O-O 7. Bd3 h6 8. Qc2 Nh5 9. Be3 e5 10. g3 Qe7 11. dxe5 dxe5 12. O-O-O Nc5 13. Be2 Be6 14. Nc4 b5 15. Ncxe5 Bxa2 16. Bxc5 Qxc5 17. Nd7 Qxf2 18. Nxf8 Bxf8 19. Rhf1 Qe3+ 20. Qd2 Qxe4 21. Nd4 Qb1# 0-1

[Event "Asian Amateur-ch Open 2022"]
[Site "Muscat"]
[Date "2022.10.02"]
[Round "4.22"]
[White "Ranjith, R.k."]
[Black "Al Balushi, Salim"]
[Result "1-0"]
[ECO "B12"]
[WhiteElo "1706"]
[BlackElo "1374"]
[Annotator "NA RC COMBH"]
[PlyCount "64"]
[EventDate "2022.09.29"]
[EventType "swiss"]
[SourceTitle "playchess.com"]
[Source "ChessBase"]
[SourceQuality "1"]
[TimeControl "5400+30"]

1. e4 d6 2. d4 c6 3. Nc3 Qc7 4. f4 e5 5. Nf3 Bg4 6. Be2 Nd7 7. Be3 Ngf6 8. h3 Bxf3 9. Bxf3 a5 10. a4 Be7 11. Qe2 O-O 12. g4 exf4 13. Bxf4 Qb6 14. O-O-O Qb4 15. Bd2 Nb6 16. Nd5 Qxa4 17. Nxe7+ Kh8 18. Bc3 Nc4 19. b3 Qa3+ 20. Kb1 d5 21. exd5 cxd5 22. Nxd5 Nxd5 23. Bxd5 Nb6 24. Qb5 Nxd5 25. Qxd5 b6 26. Rhe1 a4 27. Bb2 Qb4 28. c3 Qxb3 29. Qxb3 axb3 30. Re5 Ra5 31. Rde1 b5 32. Re8 Kg8 1-0

[Event "Asian Amateur-ch Open 2022"]
[Site "Muscat"]
[Date "2022.10.02"]
[Round "4.23"]
[White "Al Amri, Mohammed A"]
[Black "Al Nofli, Mohammed Saif"]
[Result "1-0"]
[ECO "C30"]
[WhiteElo "1693"]
[BlackElo "1370"]
[Annotator "NA RC COMBH"]
[PlyCount "51"]
[EventDate "2022.09.29"]
[EventType "swiss"]
[SourceTitle "playchess.com"]
[Source "ChessBase"]
[SourceQuality "1"]
[TimeControl "5400+30"]

1. e4 e5 2. Nc3 Nf6 3. f4 Nc6 4. Nf3 d6 5. Bb5 Bg4 6. d3 a6 7. Bxc6+ bxc6 8. fxe5 dxe5 9. h3 Bxf3 10. Qxf3 h6 11. O-O Qd6 12. Kh1 Be7 13. Ne2 O-O-O 14. Ng3 g6 15. Be3 Rdf8 16. b4 Qxb4 17. Rab1 Qa4 18. Rb3 Qxa2 19. Qe2 a5 20. d4 a4 21. Rbb1 Qe6 22. dxe5 Qxe5 23. Bf4 Qa5 24. e5 Nd5 25. Qg4+ f5 26. exf6+ 1-0

[Event "Asian Amateur-ch Open 2022"]
[Site "Muscat"]
[Date "2022.10.02"]
[Round "4.24"]
[White "kloub.M"]
[Black "Salem Muhsan Shuaib"]
[Result "1/2-1/2"]
[ECO "E32"]
[WhiteElo "1687"]
[BlackElo "1227"]
[Annotator "NA RC COMBH"]
[PlyCount "58"]
[EventDate "2022.09.29"]
[EventType "swiss"]
[SourceTitle "playchess.com"]
[Source "ChessBase"]
[SourceQuality "1"]
[TimeControl "5400+30"]

1. d4 Nf6 2. c4 e6 3. Nc3 Bb4 4. Qc2 O-O 5. g3 Nc6 6. Nf3 d5 7. a3 Be7 8. Bg2 dxc4 9. e3 Re8 10. O-O Bf8 11. Rd1 Qe7 12. Qa4 Bd7 13. Qxc4 Rad8 14. e4 Bc8 15. Bf4 Rd7 16. d5 exd5 17. Nxd5 Nxd5 18. exd5 Na5 19. Qa4 b6 20. Bh3 Rdd8 21. Bxc8 Rxc8 22. Re1 Qd8 23. Rxe8 Qxe8 24. Qxe8 Rxe8 25. Bxc7 Rc8 26. d6 Nb7 27. Rd1 Nxd6 28. Bxd6 Rd8 29. Ne5 Rxd6 1/2-1/2

[Event "Asian Amateur-ch Open 2022"]
[Site "Muscat"]
[Date "2022.10.02"]
[Round "4.25"]
[White "Hamdan Edrees, Alhamed"]
[Black "Al Mamari Mohammed Salim"]
[Result "1-0"]
[ECO "B06"]
[WhiteElo "1467"]
[BlackElo "1685"]
[Annotator "NA RC COMBH"]
[PlyCount "69"]
[EventDate "2022.09.29"]
[EventType "swiss"]
[SourceTitle "playchess.com"]
[Source "ChessBase"]
[SourceQuality "1"]
[TimeControl "5400+30"]

1. e4 d6 2. d4 Nd7 3. Nf3 g6 4. Bc4 Bg7 5. Bxf7+ Kxf7 6. Ng5+ Ke8 7. Ne6 Ngf6 8. Nxd8 Kxd8 9. Nc3 Rf8 10. O-O c6 11. e5 Ne8 12. f4 Kc7 13. Ne4 d5 14. Ng5 Nb6 15. Nxh7 Rh8 16. Ng5 Bf5 17. g4 Bc8 18. h3 e6 19. Qd3 Bh6 20. Nf7 Rh7 21. Qxg6 Rg7 22. Qh5 Rxf7 23. Qxf7+ Bd7 24. g5 Ng7 25. gxh6 Nf5 26. h7 Nxd4 27. c3 Nf5 28. Qg8 Rxg8+ 29. hxg8=Q Nc8 30. Qg5 Nce7 31. h4 c5 32. h5 Nc6 33. h6 d4 34. h7 Ne3 35. Bxe3 1-0

[Event "Asian Amateur-ch Open 2022"]
[Site "Muscat"]
[Date "2022.10.02"]
[Round "4.27"]
[White "Shaurya Dinesh Sawlani"]
[Black "Al Hosni, Khalfan"]
[Result "1-0"]
[ECO "B52"]
[WhiteElo "1448"]
[BlackElo "1680"]
[Annotator "NA RC COMBH"]
[PlyCount "91"]
[EventDate "2022.09.29"]
[EventType "swiss"]
[SourceTitle "playchess.com"]
[Source "ChessBase"]
[SourceQuality "1"]
[TimeControl "5400+30"]

1. e4 c5 2. Nf3 d6 3. Bb5+ Bd7 4. Bxd7+ Qxd7 5. O-O g6 6. d4 cxd4 7. Nxd4 Bg7 8. Be3 Nf6 9. f3 O-O 10. c3 Nc6 11. Nd2 Ne5 12. Qe2 a6 13. a4 Rac8 14. Kh1 h5 15. Bg5 Nh7 16. Bf4 Nc6 17. Nxc6 Qxc6 18. Qe3 Rfd8 19. Bh6 Nf6 20. Bxg7 Kxg7 21. f4 Ng4 22. Qg3 Qb6 23. Rab1 Rc6 24. f5 Qa5 25. fxg6 fxg6 26. Nb3 Qe5 27. Nd4 Qxg3 28. hxg3 Rdc8 29. Nxc6 Rxc6 30. Rf4 Rc4 31. Rbf1 Ne5 32. Rf8 Rxe4 33. Rb8 Nd7 34. Rxb7 Nc5 35. Rb4 Re2 36. a5 Ne4 37. Kh2 Nf2 38. Rxf2 Rxf2 39. Rb6 Kf7 40. b4 Rc2 41. Rxa6 Rxc3 42. b5 d5 43. Rc6 d4 44. a6 Rb3 45. a7 Ra3 46. Ra6 1-0

[Event "Asian Amateur-ch Open 2022"]
[Site "Muscat"]
[Date "2022.10.02"]
[Round "4.28"]
[White "Alhassan, Meshari"]
[Black "Al Amari, Mohammed"]
[Result "0-1"]
[ECO "D04"]
[WhiteElo "1372"]
[BlackElo "1646"]
[Annotator "NA RC COMBH"]
[PlyCount "66"]
[EventDate "2022.09.29"]
[EventType "swiss"]
[SourceTitle "playchess.com"]
[Source "ChessBase"]
[SourceQuality "1"]
[TimeControl "5400+30"]

1. d4 d5 2. e3 Nf6 3. Bd3 Bg4 4. Nf3 e6 5. Nbd2 c5 6. c3 cxd4 7. cxd4 Nc6 8. O-O Bd6 9. Qe1 O-O 10. a3 Rc8 11. Nh4 Ne4 12. f4 f5 13. Nhf3 Qb6 14. Ne5 Bxe5 15. fxe5 Nxd4 16. Nxe4 dxe4 17. exd4 Qxd4+ 18. Qe3 Qxe3+ 19. Bxe3 exd3 20. Rf2 a6 21. Rd2 Be2 22. Bd4 f4 23. Bc3 g5 24. Kf2 g4 25. g3 fxg3+ 26. Kxg3 Rf3+ 27. Kg2 Rcf8 28. Bd4 h5 29. Re1 h4 30. Rdxe2 h3+ 31. Kh1 Rf1+ 32. Bg1 dxe2 33. Rxe2 R8f4 0-1

[Event "Asian Amateur-ch Open 2022"]
[Site "Muscat"]
[Date "2022.10.02"]
[Round "4.29"]
[White "Atharv Bansal"]
[Black "Khayat, Emad"]
[Result "1-0"]
[ECO "C56"]
[WhiteElo "1164"]
[BlackElo "1597"]
[Annotator "NA RC COMBH"]
[PlyCount "102"]
[EventDate "2022.09.29"]
[EventType "swiss"]
[SourceTitle "playchess.com"]
[Source "ChessBase"]
[SourceQuality "1"]
[TimeControl "5400+30"]

1. e4 e5 2. Nf3 Nc6 3. Bc4 Bc5 4. c3 d6 5. d4 exd4 6. cxd4 Bb6 7. h3 Nf6 8. Nc3 O-O 9. O-O Nxe4 10. Bxf7+ Rxf7 11. Nxe4 d5 12. Neg5 Rf8 13. Re1 Qf6 14. Qb3 Qd6 15. Ne4 Qd7 16. Nc5 Qf7 17. Be3 h6 18. Nd3 Na5 19. Qc3 Nc4 20. Nde5 Nxe5 21. Nxe5 Qf6 22. Qd3 Bf5 23. Qe2 Rae8 24. Qf3 Qe6 25. Qg3 Ba5 26. Re2 c6 27. a3 Bc7 28. Bd2 Bb6 29. Bb4 Bxd4 30. Rae1 Be4 31. Bxf8 Bxe5 32. Qb3 Kxf8 33. f3 Bd4+ 34. Kh1 Bb6 35. fxe4 d4 36. Qf3+ Kg8 37. Qf5 c5 38. Qd5 Re7 39. b3 Ba5 40. b4 Qxd5 41. exd5 Rxe2 42. Rxe2 cxb4 43. axb4 Bxb4 44. Re4 Bc3 45. d6 d3 46. d7 Bf6 47. Re8+ Kf7 48. d8=Q Bxd8 49. Rxd8 Ke6 50. Rxd3 b5 51. Ra3 Ke5 1-0